 Dungeon Crawl Stone Soup version 0.28-a0-21-gf74fda84f9 (webtiles) character file.

Game seed: 16547046035869383366

65170 Sobieck the Ripper (level 14, 0/69 HPs)
             Began as a Felid Berserker on July 26, 2021.
             Was the Champion of Trog.
             Slain by a wolf spider (11 damage)
             ... on level 2 of the Lair of Beasts.
             The game lasted 01:24:06 (45181 turns).

Sobieck the Ripper (Felid Berserker)               Turns: 45181, Time: 01:24:07

Health: 0/69       AC:  3    Str: 13    XL:     14   Next: 74%
Magic:  15/15      EV: 31    Int: 11    God:    Trog [******]
Gold:   2588       SH:  5    Dex: 20    Spells: 13/13 levels left
                                        Lives:  0   Deaths: 4

rFire   . . .      SeeInvis +     - Unarmed
rCold   + . .      Faith    .   (shield unavailable)
rNeg    . . .      Spirit   .   (armour unavailable)
rPois   +          Reflect  +   (helmet unavailable)
rElec   .          Harm     .   (cloak unavailable)
rCorr   .          Rampage  .   (gloves unavailable)
Will    ++...                   (boots unavailable)
Stlth   +++++++...              d - amulet of reflection
HPRegen 0.21/turn               f - ring of flight
MPRegen 0.14/turn               K - ring of poison resistance

@: flying, quick
A: very small, claws 1, fangs 3, see invisible, speed 1, shaggy fur 3, stealthy
paws, no weapons or thrown items, no armour, multi-lived
a: Renounce Religion, Berserk, Trog's Hand, Brothers in Arms


You were on level 2 of the Lair of Beasts.
You worshipped Trog.
Trog was exalted by your worship.
You visited 4 branches of the dungeon, and saw 24 of its levels.
You also visited: Gauntlet.

You collected 3191 gold pieces.
You spent 603 gold pieces at shops.


Innate Abilities, Weirdness & Mutations

You have sharp claws.
You have razor-sharp teeth.
You have supernaturally acute eyesight. (SInv)
You cover ground quickly. (Speed+)
Your thick and shaggy fur keeps you warm. (AC +3, rC+)
Your paws help you pounce on unaware monsters.
You are incapable of wielding weapons or throwing items.
You cannot wear armour.
You gain extra lives every three experience levels.


   Skills:
 + Level 12.5 Fighting
 + Level 15.8 Dodging
 + Level 16.1 Stealth
 * Level 17.0 Unarmed Combat
 + Level 12.7 Evocations


You had 13 spell levels left.
You didn't know any spells.
Your spell library contained the following spells:

 Spells                   Type           Power      Damage    Failure   Level
 Apportation              Tloc           0%         N/A       34%         1
 Shock                    Conj/Air       0%         1d3       34%         1
 Sting                    Tmut/Pois      0%         1d3       34%         1
 Summon Small Mammal      Summ           0%         N/A       34%         1
 Blink                    Tloc           N/A        N/A       47%         2
 Corpse Rot               Necr/Air       N/A        N/A       47%         2
 Ensorcelled Hibernation  Hex/Ice        0%         N/A       47%         2
 Passwall                 Tmut/Erth      0%         N/A       47%         2
 Poisonous Vapours        Pois/Air       0%         N/A       47%         2
 Slow                     Hex            0%         N/A       47%         2
 Static Discharge         Conj/Air       0%         N/A       47%         2
 Call Canine Familiar     Summ           0%         N/A       71%         3
 Confusing Touch          Hex            0%         N/A       71%         3
 Dazzling Flash           Conj/Hex       0%         N/A       71%         3
 Spider Form              Tmut/Pois      0%         N/A       71%         3
 Stone Arrow              Conj/Erth      0%         3d7       71%         3
 Summon Guardian Golem    Hex/Summ       0%         N/A       71%         3
 Swiftness                Air            0%         N/A       71%         3
 Vampiric Draining        Necr           0%         2d6       71%         3
 Airstrike                Air            0%         N/A       98%         4
 Cause Fear               Hex            0%         N/A       98%         4
 Dispel Undead            Necr           0%         3d6       98%         4
 Olgreb's Toxic Radiance  Pois           0%         N/A       98%         4
 Passage of Golubria      Tloc           N/A        N/A       98%         4
 Sticky Flame             Conj/Fire      0%         2d3       98%         4
 Agony                    Necr           0%         N/A       100%        5
 Bolt of Magma            Conj/Fire/Erth 0%         4d4       100%        5
 Lee's Rapid Deconstruct  Erth           0%         3d5*      100%        5
 Silence                  Hex/Air        0%         N/A       100%        5
 Summon Forest            Summ/Tloc      0%         N/A       100%        5
 Summon Mana Viper        Hex/Summ       0%         N/A       100%        5
 Yara's Violent Unravell  Hex/Tmut       0%         3d3       100%        5
 Death Channel            Necr           0%         N/A       100%        6
 Invisibility             Hex            0%         N/A       100%        6
 Shadow Creatures         Summ           N/A        N/A       100%        6
 Dragon Form              Tmut           0%         N/A       100%        7
 Orb of Destruction       Conj           0%         N/A       100%        7
 Spellforged Servitor     Conj/Summ      0%         N/A       100%        7
 Lehudib's Crystal Spear  Conj/Erth      0%         10d2      100%        8
 Dragon's Call            Summ           0%         N/A       100%        9
 Shatter                  Erth           0%         3d5*      100%        9
 Animate Armour           Summ/Erth      Unusable   N/A       N/A         4

Inventory:

Jewellery
 d - an amulet of reflection (around neck)
   (You took it off a wight on level 5 of the Dungeon)
 f - a ring of flight (left paw)
   (You found it on level 2 of the Dungeon)
 h - a +6 ring of strength
   (You bought it in a shop on level 1 of the Dungeon)
 o - a ring of positive energy
   (You found it on level 5 of the Dungeon)
 q - a +6 ring of intelligence
   (You found it on level 5 of the Dungeon)
 w - a +6 ring of strength
   (You found it on level 7 of the Dungeon)
 z - an amulet of the acrobat
   (You took it off a minotaur in a Gauntlet)
 A - a +4 ring of protection
   (You bought it in a shop on level 1 of the Dungeon)
 K - a ring of poison resistance (right paw)
   (You bought it in a shop on level 2 of the Orcish Mines)
 M - a +6 ring of strength
   (You found it on level 5 of the Lair of Beasts)
Wands
 c - a wand of flame (106)
   (You found it on level 4 of the Dungeon)
 i - a wand of charming (9)
   (You found it on level 9 of the Dungeon)
 p - a wand of paralysis (10)
   (You found it on level 5 of the Dungeon)
 s - a wand of iceblast (32)
   (You took it off a kobold brigand on level 6 of the Dungeon)
 u - a wand of acid (8)
   (You found it on level 8 of the Dungeon)
 F - a wand of digging (15)
   (You took it off a meliai on level 12 of the Dungeon)
 H - a wand of polymorph (29)
   (You found it on level 1 of the Lair of Beasts)
Scrolls
 a - 9 scrolls of teleportation {@r4}
 e - 2 scrolls of fog
 t - 2 scrolls of immolation {!r!r}
 y - 3 scrolls of vulnerability {!r!r}
 G - a scroll of torment {!r}
 J - 6 scrolls of identify {@r1}
 L - 2 scrolls of magic mapping {!r}
 N - 2 scrolls of fear
 O - 3 scrolls of silence {!r}
Potions
 b - 9 potions of curing {@q1}
 g - 5 potions of lignification {!q}
 j - 2 potions of resistance
 k - 8 potions of brilliance
 l - 5 potions of haste {@q3}
 m - 5 potions of heal wounds {@q2}
 n - 6 potions of ambrosia
 r - 2 potions of mutation {!q}
 v - 3 potions of attraction {!q}
 B - a potion of flight
 C - 2 potions of invisibility
Miscellaneous
 x - a phial of floods
   (You found it on level 7 of the Dungeon)
 D - a box of beasts
   (You found it in a Gauntlet)
 E - a tin of tremorstones (2/2) {throwing}
   (You found it on level 10 of the Dungeon)
 I - a phantom mirror
   (You found it on level 2 of the Lair of Beasts)

Dungeon Overview and Level Annotations

Branches:
Dungeon (15/15)            Temple (0/1) D:6            Lair (6/6) D:8
 Shoals (0/4) Lair:4       Spider (1/4) Lair:2        Slime (0/5) Lair:5
    Orc (2/2) D:10            Elf (0/3) Orc:2        Vaults (0/5) D:13
 Depths (0/5) D:15        Gauntlet (visited)

Altars:
Ashenzari
Cheibriados
Okawaru
Ru
Sif Muna
Wu Jian
Lugonu

Shops:
D:1 *   D:14 ?   Orc:1 (   Orc:2 =*[((

Annotations:
D:6 3 runed translucent doors, Phlounder's ghost, novice DjFE
D:7 1 runed translucent door, Crazy Yiuf
D:8 2 transporters
D:13 exclusion: downstairs
Lair:5 exclusion: oklob plant
Lair:6 exclusion: oklob plant

...........# ###.#
#P.........# #†s#
#.........P# #>.#
##.........## #.s#
##.P##'P##.# ###.##
#####..#### #...# ##.#
#..P# ####.# #.### ###
##.##.######s@####.#
##..[....##.........#
###........##........##
##.#.......#.........##
##.+..................#
............#.........#
##.#..<....#..........#
#####.##..#.......<..#
#######.........##


You could see a wolf spider.


Message History

You take 11 damage, and now have 39/73 hp.
The jumping spider leaps!
A tarantella comes into view.
The wolf spider misses you. You block the wolf spider's attack.
The jumping spider closely misses you.
The jumping spider completely misses you.
The jumping spider misses you.
The jumping spider closely misses you. 😮 HP[+1]
The wolf spider hits you!
* * * LOW HITPOINT WARNING * * *
The wolf spider completely misses you. 😨 HP[-7]
You take 7 damage, and now have 33/73 hp.
Unknown command.
You block the jumping spider's attack.
The jumping spider completely misses you.
The jumping spider leaps!
The wolf spider completely misses you. The wolf spider bites you!
* * * LOW HITPOINT WARNING * * *
😨 HP[-12]
You take 12 damage, and now have 21/73 hp.
The jumping spider leaps!
The wolf spider completely misses you. x2
There is a crawl-hole back to the Lair, spattered with blood here.
The jumping spider leaps!
The wolf spider hits you!
* * * LOW HITPOINT WARNING * * *
You block the wolf spider's attack.
The jumping spider hisses angrily.
You fly upwards.
Welcome back to the Lair of Beasts!
There is a hole to the Spider Nest here. 😱 HP[-7]
You take 7 damage, and now have 14/73 hp.
Unknown command.
You feel much better. The wolf spider completely misses you.
The wolf spider barely misses you. The wolf spider misses you.
The wolf spider bites you!
* * * LOW HITPOINT WARNING * * *
The wolf spider completely misses you. x2; The wolf spider barely misses you.
The wolf spider completely misses you. 😨 HP[+14]
You regained 14 hp, and now have 28/73 hp.
A red film seems to cover your vision as you go berserk!
You feel yourself moving faster!
You feel mighty! The wolf spider barely misses you.
You block the wolf spider's attack. The wolf spider hits you!!
* * * LOW HITPOINT WARNING * * *
The wolf spider completely misses you. 😱 HP[-4]
You now have 109 max hp (+36).
You claw the wolf spider! You bite the wolf spider!
The wolf spider completely misses you. The wolf spider bites you!
* * * LOW HITPOINT WARNING * * *
You are lethally poisoned!
The wolf spider poisons you! The wolf spider completely misses you.
The wolf spider bites you.
* * * LOW HITPOINT WARNING * * *
😱 HP[-11]
You take 11 damage, and now have 13/109 hp.
You claw the wolf spider!
* * * LOW HITPOINT WARNING * * *
You feel very sick. The wolf spider hits you!!
You die...
You block the wolf spider's attack.
The wolf spider completely misses you. x2
You are now level 14!
You rejoin the land of the living... 😎 HP[+56] MP[-1]
You now have 69 max hp (-40).
Your hp is fully restored (69).
There is a stone staircase leading up here.
You scratch the wolf spider. The wolf spider hits you!
The wolf spider bites you!
The wolf spider completely misses you. x2 😮 HP[-26]
You take 26 damage, and now have 43/69 hp.
MASSIVE DAMAGE!! (PAUSE)
You claw the wolf spider!
You kill the wolf spider!
Trog accepts your kill. The wolf spider completely misses you.
The wolf spider misses you. The wolf spider hits you.
The wolf spider misses you. 😮 HP[-3]
You take 3 damage, and now have 40/69 hp.
You closely miss the wolf spider. The wolf spider completely misses you.
The wolf spider closely misses you.
You barely miss the wolf spider.
You bite the wolf spider, but do no damage.
The wolf spider completely misses you. The wolf spider closely misses you.
You claw the wolf spider! Your bite misses the wolf spider.
The wolf spider closely misses you. The wolf spider completely misses you.
You claw the wolf spider! You claw the wolf spider.
The wolf spider completely misses you. You block the wolf spider's attack.
You barely miss the wolf spider. You bite the wolf spider.
The wolf spider hits you!!
* * * LOW HITPOINT WARNING * * *
The wolf spider bites you!
* * * LOW HITPOINT WARNING * * *
😱 HP[-29]
You take 29 damage, and now have 11/69 hp.
MASSIVE DAMAGE!! (PAUSE)
You claw the wolf spider! You block the wolf spider's attack.
The wolf spider bites you!
You die...

Skill      XL: |  1  2  3  4  5  6  7  8  9 10 11 12 13 14 15 |
---------------+----------------------------------------------+-----
Stealth        | 1 2 3 4 5 7 9 10 13 14 15 16 | 16.1
Dodging        | 5 6 7 9 11 13 14 15 | 15.8
Unarmed Combat | 4 5 6 8 10 13 14 15 16 17 | 17.0
Fighting       | 4 5 6 7 8 10 11 12 | 12.5
Evocations     | 5 7 8 11 12 | 12.7

Action                   |  1- 3 |  4- 6 |  7- 9 | 10-12 | 13-15 || total
-------------------------+-------+-------+-------+-------+-------++-------
Melee: Unarmed           |    75 |    79 |   307 |   990 |  1280 ||  2731
       Bite              |     6 |    10 |    41 |   105 |   170 ||   332
       Punch             |       |       |    12 |    69 |   142 ||   223
Invok: Berserk           |     2 |     7 |    19 |    49 |    56 ||   133
       Brothers in Arms  |       |       |       |     6 |     2 ||     8
       Trog's Hand       |       |       |       |     2 |     6 ||     8
Evoke: Wand              |       |       |       |     1 |     3 ||     4
  Use: Scroll            |       |     6 |       |    24 |     4 ||    34
       Potion            |       |     1 |       |     1 |     3 ||     5
 Stab: Sleeping          |     8 |     5 |    16 |    32 |    38 ||    99
       Distracted        |       |     1 |     1 |     4 |    10 ||    16
       Petrified         |       |       |       |       |     1 ||     1
Armor: Skin              |     4 |     3 |    23 |    74 |    92 ||   196
Dodge: Dodged            |    47 |    69 |   300 |   821 |  1172 ||  2409
Block: Other             |       |       |       |   129 |   230 ||   359
       Reflection        |       |       |       |     2 |     2 ||     4

Levels and vault maps discovered:
D:1:      minmay_arrival_open_corners, layout_loops_cross, serial_forest,
          infiniplex_forest_straight_2, infiniplex_forest_end_2,
          infiniplex_forest_clump_tiny, infiniplex_forest_lined_3,
          infiniplex_forest_clump_C, infiniplex_forest_zigzag_2,
          infiniplex_forest_end_1, serial_shops, shop, serial_park_tiny_1,
          minivault_4
D:2:      layout_rooms, serial_forest, infiniplex_forest_straight_3,
          infiniplex_forest_clump_long, infiniplex_forest_clump_curved,
          infiniplex_forest_straight_5, infiniplex_forest_straight_2,
          infiniplex_forest_clump_medium, infiniplex_forest_clump_medium
D:3:      layout_basic, nicolae_ru_path_of_blood, basic_ecumenical_altar,
          uniq_jessica
D:4:      layout_basic, mainiacjoe_overflow_alcove_1, minmay_door_square,
          serial_bayou_pond_d, hex_intersection
D:5:      layout_basic, old_standard_altar, serial_glass, glass_columns_c,
          glass_columns_a, item_on_display_b, minmay_strange_pillars,
          item_on_display_a, goddamned_bats, uniq_menkaure, uniq_blork_the_orc
D:6:      layout_cave_pools, minmay_temple_entry_mini_moons, gammafunk_ghost_icy
D:7:      minmay_the_grid_octo_2x2 [minmay_the_grid_octo_clover_2,
          minmay_the_grid_octo_focus, minmay_the_grid_octo_empty,
          minmay_the_grid_octo_prize_star], layout_rooms, lemuel_doored_altar,
          uniq_crazy_yiuf_cottage
D:8:      gammafunk_corrupted_shrine, layout_basic, tgw_sif,
          erik_lair_orcish_takeover, hex_intersection, uniq_maurice, uniq_harold
D:9:      layout_basic, nzn_wu_jian_council_hall, fountainhead
D:10:     layout_small_grid, orc_0_dummy, serial_bayou_ford_a
D:11:     layout_loops_cross
D:12:     kennysheep_green_arena, layout_loops_corners, gauntlet_entry_generic,
          corexii_leaking_fountain
D:13:     kennysheep_room_grid, layout_cave_pools, david_vaults_2,
          portal_ice_cave_rime, uniq_rupert
D:14:     layout_basic, serial_shops, shop_fountains, serial_park_paths
          [serial_park_minivault_5x5_8], uniq_kirke, uniq_agnes
D:15:     grunt_enter_depths_magical_seal, layout_basic, interstate_on_off,
          drop_trap
Lair:1:   layout_layer_cave, uniq_grum
Lair:2:   layout_roguey, dummy_spider_entry, uniq_erica
Lair:3:   layout_cave_pods, grunt_megastairs_5, uniq_snorg
Lair:4:   layout_loops_ring, elwin_shoals_entry_rooms
Lair:5:   layout_cave_pods, minmay_slime_entry_oklob_open, beast_lair_carwin_2,
          uniq_sonja
Lair:6:   grunt_lair_end_beastmaster, layout_misc_corridors,
          hellmonk_guarded_unrand_vines, infiniplex_staircase_pool
Spider:1: layout_spider_delve
Orc:1:    layout_diamond_mine, serial_shops, nicolae_shop_statue_plus,
          statue_in_the_mist_lemuel, nicolae_orc_tapped_out
Orc:2:    st_orc_congregation, layout_diamond_mine, serial_shops, shop

Notes
Turn   | Place    | Note
-------+----------+-------------------------------------------
     0 | D:1      | Sobieck the Felid Berserker began the quest for the Orb.
     0 | D:1      | Reached XP level 1. HP: 10/10 MP: 2/2
     0 | D:1      | magus.rc [v1.9.6]
   176 | D:2      | Reached skill level 1 in Stealth
   176 | D:2      | Reached XP level 2. HP: 14/14 MP: 3/3
   181 | D:2      | You pick up a book of Dangerous Friends {forbidden} and
                  | begin reading...
   181 | D:2      | You add the spells Summon Guardian Golem, Orb of
                  | Destruction and Spellforged Servitor to your library.
   343 | D:1      | Found Atoov's Assorted Antiques.
  1181 | D:2      | You pick up a book of Burglary {forbidden} and begin
                  | reading...
  1181 | D:2      | You add the spells Passwall, Swiftness and Invisibility to
                  | your library.
  1210 | D:1      | Bought an agate ring for 80 gold pieces
  1448 | D:2      | Reached XP level 3. HP: 9/17 MP: 4/4
  1652 | D:2      | Reached ** piety under Trog
  2173 | D:4      | Reached skill level 2 in Stealth
  2173 | D:4      | Reached XP level 4. HP: 14/21 MP: 5/5
  2342 | D:5      | Entered Level 5 of the Dungeon
  2342 | D:5      | Noticed a water moccasin
  2347 | D:5      | Killed a water moccasin
  2348 | D:5      | Reached skill level 5 in Dodging
  2348 | D:5      | Reached skill level 3 in Stealth
  2348 | D:5      | Reached skill level 4 in Unarmed Combat
  2348 | D:5      | Reached XP level 5. HP: 19/25 MP: 6/6
  2618 | D:3      | Found a faded altar of an unknown god.
  3247 | D:3      | Found a sacrificial altar of Ru.
  3288 | D:3      | Noticed Jessica
  3294 | D:3      | Killed Jessica
  3295 | D:3      | Reached skill level 4 in Fighting
  3295 | D:3      | Gained mutation: You are covered in thick fur. (AC +2)
                  | [Felid growth]
  3295 | D:3      | Reached XP level 6. HP: 28/28 MP: 7/7
  3778 | D:4      | You pick up a book of Dreams {forbidden} and begin
                  | reading...
  3778 | D:4      | You add the spells Ensorcelled Hibernation, Spider Form and
                  | Shadow Creatures to your library.
  3791 | D:4      | Reached skill level 5 in Unarmed Combat
  4020 | D:4      | Reached skill level 4 in Stealth
  4193 | D:4      | Found an iron altar of Okawaru.
  4255 | D:4      | Reached XP level 7. HP: 33/33 MP: 8/8
  4255 | D:4      | Reached *** piety under Trog
  4261 | D:4      | Reached skill level 6 in Dodging
  5198 | D:5      | Reached skill level 5 in Stealth
  5198 | D:5      | Reached skill level 6 in Unarmed Combat
  5465 | D:5      | Reached skill level 5 in Fighting
  5566 | D:5      | Noticed Menkaure
  5589 | D:5      | Killed Menkaure
  5590 | D:5      | Reached XP level 8. HP: 37/37 MP: 9/9
  5703 | D:5      | Reached skill level 7 in Dodging
  5703 | D:5      | Reached skill level 6 in Stealth
  5710 | D:5      | You pick up a book of Decay {forbidden} and begin
                  | reading...
  5710 | D:5      | You add the spells Corpse Rot, Dispel Undead and Death
                  | Channel to your library.
  5916 | D:5      | Noticed Blork the orc
  5933 | D:5      | Killed Blork the orc
  5934 | D:5      | Reached skill level 7 in Unarmed Combat
  6494 | D:5      | Found a broken altar of Ashenzari.
  6718 | D:5      | Reached **** piety under Trog
  7112 | D:5      | Reached skill level 7 in Stealth
  7149 | D:6      | Identified a +1 robe of the Archmagi
  7206 | D:6      | Reached skill level 6 in Fighting
  7208 | D:6      | Found a runed translucent gate.
  7208 | D:6      | Found a runed translucent gate.
  7208 | D:6      | Found a runed translucent gate.
  7240 | D:6      | Noticed Phlounder's ghost (novice DjFE)
  7303 | D:6      | Reached skill level 8 in Unarmed Combat
  7453 | D:6      | Reached XP level 9. HP: 40/40 MP: 10/10
  7537 | D:6      | Found a staircase to the Ecumenical Temple.
  7651 | D:5      | Reached skill level 8 in Dodging
  7854 | D:6      | HP: 6/42 [bullfrog (8)]
  8433 | D:6      | Reached skill level 8 in Stealth
  8584 | D:7      | Found a snail-covered altar of Cheibriados.
  8650 | D:6      | Reached skill level 9 in Unarmed Combat
  8910 | D:6      | Reached skill level 9 in Dodging
  9032 | D:6      | Reached skill level 7 in Fighting
  9118 | D:8      | Reached ***** piety under Trog
  9372 | D:7      | You add the spells Blink, Silence, Summon Mana Viper and
                  | Summon Forest to your library.
  9372 | D:7      | Got the Catalogue of Quantum Hexes {forbidden}
  9507 | D:7      | Reached skill level 9 in Stealth
  9547 | D:7      | Noticed a troll
 10003 | D:7      | Noticed a troll
 10011 | D:7      | Killed a troll
 10012 | D:7      | Reached skill level 10 in Unarmed Combat
 10012 | D:7      | Reached XP level 10. HP: 29/47 MP: 11/11
 11108 | D:8      | Reached skill level 10 in Stealth
 11194 | D:7      | Identified the +6 lajatang "Ceoxydd" {elec, Will+ Dex+5}
 11372 | D:7      | Reached skill level 11 in Unarmed Combat
 11417 | D:7      | Reached skill level 10 in Dodging
 11529 | D:7      | You pick up a book of Touch {forbidden} and begin
                  | reading...
 11529 | D:7      | You add the spells Static Discharge and Sticky Flame to
                  | your library.
 11533 | D:7      | You pick up a book of the Dragon {forbidden} and begin
                  | reading...
 11533 | D:7      | You add the spells Cause Fear, Dragon Form and Dragon's
                  | Call to your library.
 11535 | D:7      | You add the spells Apportation and Lee's Rapid
                  | Deconstruction to your library.
 11535 | D:7      | Got Igophi's Catalogue of the Rocks and Orientation
                  | {forbidden}
 11598 | D:7      | Found a runed translucent door.
 11599 | D:7      | Noticed Crazy Yiuf
 11925 | D:8      | Found a staircase to the Lair.
 12251 | D:7      | Reached skill level 8 in Fighting
 12490 | D:8      | Noticed Maurice
 12496 | D:8      | Killed Maurice
 12531 | D:8      | Found a transporter.
 12532 | D:8      | Noticed a cyan ugly thing
 12540 | D:8      | Noticed a white ugly thing
 12541 | D:8      | Noticed a red ugly thing
 12542 | D:8      | Noticed a green ugly thing
 12846 | D:8      | Noticed Harold
 13036 | D:8      | Found a corrupted altar of Lugonu.
 13067 | D:8      | Found a transporter.
 13226 | D:8      | Killed Harold
 13227 | D:8      | Reached skill level 1 in Evocations
 13227 | D:8      | Reached XP level 11. HP: 50/51 MP: 12/12
 13336 | D:8      | Found a shimmering blue altar of Sif Muna.
 13342 | D:8      | magus.rc [v1.9.6]
 13919 | D:9      | You pick up a book of the Earth {forbidden} and begin
                  | reading...
 13919 | D:9      | You add the spells Stone Arrow, Bolt of Magma and Shatter
                  | to your library.
 13934 | D:9      | Reached ****** piety under Trog
 13937 | D:9      | Reached skill level 2 in Evocations
 14207 | D:1      | Bought an iron ring for 80 gold pieces
 14210 | D:1      | Bought 3 scrolls of identify for 96 gold pieces
 14210 | D:1      | Bought a scroll of identify for 32 gold pieces
 14512 | D:10     | Entered Level 10 of the Dungeon
 14549 | D:9      | You pick up a book of Misfortune {forbidden} and begin
                  | reading...
 14549 | D:9      | You add the spells Slow, Confusing Touch and Yara's Violent
                  | Unravelling to your library.
 14904 | D:9      | Found an ornate altar of the Wu Jian Council.
 14979 | D:10     | Noticed a two-headed ogre
 15148 | D:10     | Reached skill level 11 in Stealth
 15209 | D:10     | HP: 13/52 [electric eel/bolt of electricity (2)]
 15210 | D:10     | Killed from afar by an electric eel
 15211 | D:10     | Reached XP level 10. HP: 0/49 MP: 11/11
 16074 | D:10     | Found a staircase to the Orcish Mines.
 16207 | D:10     | Killed a two-headed ogre
 16208 | D:10     | Reached skill level 11 in Dodging
 16208 | D:10     | Reached skill level 12 in Unarmed Combat
 16208 | D:10     | Reached skill level 3 in Evocations
 16279 | D:10     | You pick up a book of Debilitation {forbidden} and begin
                  | reading...
 16300 | D:10     | Noticed a two-headed ogre
 16314 | D:10     | Killed a two-headed ogre
 16600 | D:10     | Reached XP level 11. HP: 42/52 MP: 12/12
 16939 | D:11     | HP: 15/78 [troll (11)]
 17208 | D:12     | You are sucked into a shaft and drop 1 floor!
 17215 | D:14     | Noticed a green ugly thing
 17215 | D:14     | Noticed a green ugly thing
 17215 | D:14     | Noticed a green ugly thing
 17215 | D:14     | Noticed a green ugly thing
 17215 | D:14     | Noticed a green ugly thing
 17216 | D:14     | Killed a green ugly thing
 17269 | D:12     | Reached skill level 9 in Fighting
 17269 | D:12     | Reached skill level 4 in Evocations
 17280 | D:12     | Noticed a two-headed ogre
 17291 | D:12     | Killed a two-headed ogre
 17477 | D:12     | Found a gate leading to a gauntlet.
 17482 | Gauntlet | Entered a Gauntlet
 17482 | Gauntlet | Found a transporter.
 17482 | Gauntlet | Noticed a necromancer
 17490 | Gauntlet | Found a transporter.
 17494 | Gauntlet | Found a transporter.
 17506 | Gauntlet | Found a transporter.
 17507 | Gauntlet | Found a transporter.
 17515 | Gauntlet | Found a transporter.
 17519 | Gauntlet | Found a transporter.
 17521 | Gauntlet | Noticed an entropy weaver
 17523 | Gauntlet | Found a runed translucent door.
 17524 | Gauntlet | Found a runed translucent door.
 17527 | Gauntlet | Found a transporter.
 17531 | Gauntlet | Found a transporter.
 17533 | Gauntlet | Noticed a wolf spider
 17533 | Gauntlet | Noticed a wizard
 17536 | Gauntlet | Noticed a wizard
 17542 | Gauntlet | Found a transporter.
 17578 | Gauntlet | Found a transporter.
 17590 | Gauntlet | Found a transporter.
 17603 | Gauntlet | Found a transporter.
 17616 | Gauntlet | Found a transporter.
 17774 | Gauntlet | Killed a necromancer
 18123 | Gauntlet | Reached skill level 12 in Stealth
 18254 | Gauntlet | Killed an entropy weaver
 18268 | Gauntlet | Slain by a wolf spider
 18269 | Gauntlet | Reached XP level 10. HP: -1/49 MP: 11/11
 18312 | Gauntlet | Killed a wolf spider
 18455 | Gauntlet | Killed a wizard
 18456 | Gauntlet | Reached skill level 5 in Evocations
 18457 | Gauntlet | Killed a wizard
 18487 | Gauntlet | Noticed a minotaur
 18607 | Gauntlet | Killed a minotaur
 18608 | Gauntlet | Reached skill level 13 in Unarmed Combat
 18608 | Gauntlet | Reached XP level 11. HP: 53/53 MP: 12/12
 18957 | D:11     | Noticed a red ugly thing
 18969 | D:11     | Killed a red ugly thing
 19377 | D:11     | Reached skill level 12 in Dodging
 19557 | D:11     | Noticed a two-headed ogre
 19561 | D:11     | Killed a two-headed ogre
 19951 | D:12     | Noticed a boulder beetle
 19991 | D:12     | Killed a boulder beetle
 20098 | D:11     | Reached skill level 6 in Evocations
 20238 | D:12     | Noticed a death knight
 20254 | D:12     | Killed a death knight
 20553 | D:12     | Noticed a skeletal warrior
 20553 | D:12     | Noticed a skeletal warrior
 20559 | D:12     | Noticed a skeletal warrior
 20561 | D:12     | Killed a skeletal warrior
 20562 | D:12     | Reached skill level 10 in Fighting
 20573 | D:12     | Killed a skeletal warrior
 20574 | D:12     | Reached skill level 13 in Stealth
 20581 | D:12     | Killed a skeletal warrior
 20870 | D:12     | Gained mutation: Your thick and shaggy fur keeps you warm.
                  | (AC +3, rC+) [Felid growth]
 20870 | D:12     | Reached XP level 12. HP: 25/58 MP: 13/13
 21370 | D:12     | Noticed an ogre mage
 21380 | D:12     | Noticed a deep troll earth mage
 21386 | D:12     | Killed an ogre mage
 21403 | D:12     | Killed a deep troll earth mage
 21930 | D:12     | HP: 19/87 [komodo dragon (28)]
 21938 | D:12     | You pick up a book of the Moon {forbidden} and begin
                  | reading...
 21938 | D:12     | You add the spells Passage of Golubria and Lehudib's
                  | Crystal Spear to your library.
 22573 | D:13     | Noticed Rupert
 22573 | D:13     | Noticed a two-headed ogre
 22573 | D:13     | Noticed a centaur warrior
 22576 | D:12     | HP: 2/58 [komodo dragon (19)]
 22576 | D:12     | Annihilated by Rupert
 22577 | D:12     | Reached XP level 11. HP: -29/54 MP: 12/12
 22626 | D:12     | Reached skill level 14 in Unarmed Combat
 22699 | D:12     | HP: 18/81 [Rupert (19)]
 22700 | D:12     | Killed Rupert
 22705 | D:12     | Reached skill level 7 in Evocations
 23390 | D:13     | Killed a centaur warrior
 23573 | D:13     | Noticed a five-headed hydra
 23576 | D:13     | Killed a five-headed hydra
 23577 | D:13     | Reached skill level 13 in Dodging
 24052 | D:13     | Noticed a deep elf pyromancer
 24055 | D:13     | Killed a deep elf pyromancer
 24058 | D:13     | Noticed a four-headed hydra
 24061 | D:13     | Killed a four-headed hydra
 24062 | D:13     | Reached XP level 12. HP: 58/58 MP: 13/13
 24394 | Lair:1   | Entered Level 1 of the Lair of Beasts
 24540 | Lair:1   | Noticed Grum
 24653 | Lair:1   | Killed Grum
 25147 | Lair:1   | Reached skill level 14 in Stealth
 25542 | Lair:1   | Noticed a four-headed hydra
 25547 | Lair:1   | Killed a four-headed hydra
 25881 | Lair:2   | Noticed a seven-headed hydra
 25883 | Lair:2   | Killed a seven-headed hydra
 25884 | Lair:2   | Reached skill level 8 in Evocations
 26515 | Lair:2   | Noticed Erica
 26521 | Lair:2   | Killed Erica
 26566 | Lair:2   | Noticed a four-headed hydra
 26578 | Lair:2   | Killed a four-headed hydra
 26579 | Lair:2   | Reached skill level 11 in Fighting
 26657 | Lair:2   | You pick up a book of Air {forbidden} and begin reading...
 26657 | Lair:2   | You add the spells Shock and Airstrike to your library.
 26664 | Lair:3   | Noticed Snorg
 26666 | Lair:3   | Noticed an eight-headed hydra
 26679 | Lair:2   | Killed Snorg
 26680 | Lair:2   | Reached skill level 15 in Unarmed Combat
 26799 | Lair:2   | Noticed a seven-headed hydra
 26806 | Lair:2   | Killed a seven-headed hydra
 26807 | Lair:2   | Reached XP level 13. HP: 63/63 MP: 14/14
 27091 | Lair:2   | Found a hole to the Spider Nest.
 27142 | Lair:2   | Reached skill level 14 in Dodging
 27376 | Lair:2   | Reached skill level 9 in Evocations
 27780 | Lair:2   | HP: 20/94 [eight-headed hydra (8)]
 29325 | Lair:3   | Reached skill level 10 in Evocations
 29578 | Lair:3   | Identified the +10 hand crossbow "Xoysch" {penet, Str+4}
 30164 | Lair:4   | Reached skill level 11 in Evocations
 30573 | Lair:4   | Found a staircase to the Shoals.
 30705 | Lair:4   | You pick up a book of the Senses {forbidden} and begin
                  | reading...
 30705 | Lair:4   | You add the spells Dazzling Flash and Agony to your
                  | library.
 30871 | Lair:5   | magus.rc [v1.9.6]
 31029 | Lair:5   | Found a staircase to the Slime Pits.
 31083 | Lair:5   | Noticed Sonja
 31095 | Lair:5   | Killed Sonja
 32255 | Lair:6   | Entered Level 6 of the Lair of Beasts
 32436 | Lair:5   | Reached XP level 14. HP: 33/67 MP: 15/15
 32441 | Lair:5   | HP: 15/67 [poisoned by a cane toad]
 33535 | Lair:6   | Found the +2 robe of Vines {NoPotionHeal Regen+++}
 33536 | Lair:6   | You add the spells Sting, Poisonous Vapours and Olgreb's
                  | Toxic Radiance to your library.
 34125 | Lair:6   | magus.rc [v1.9.6]
 34972 | Lair:6   | Got the Handbook of Stones {forbidden}
 35453 | Lair:6   | Reached skill level 15 in Stealth
 36518 | D:13     | Reached skill level 16 in Unarmed Combat
 36656 | D:13     | Found a gate to the Vaults.
 36741 | D:13     | You pick up a book of Callings {forbidden} and begin
                  | reading...
 36741 | D:13     | You add the spells Summon Small Mammal and Call Canine
                  | Familiar to your library.
 37028 | D:13     | Identified a scroll of acquirement
 37030 | D:13     | Acquired 955 gold pieces
 37066 | D:13     | Reached skill level 12 in Evocations
 37168 | D:13     | Reached skill level 15 in Dodging
 37696 | D:15     | Entered Level 15 of the Dungeon
 37703 | D:14     | Noticed Agnes
 37722 | D:14     | HP: 24/102 [Agnes (11)]
 37723 | D:14     | Killed Agnes
 38017 | D:14     | Found Fuiraxyz's Magic Scroll Emporium.
 38091 | D:14     | HP: 15/102 [cyan ugly thing (16)]
 38094 | D:14     | HP: 6/68 [poisoned by a green ugly thing]
 38095 | D:14     | HP: 2/68 [poisoned by a green ugly thing]
 38397 | D:13     | Reached skill level 12 in Fighting
 38397 | D:13     | Reached XP level 15. HP: 72/72 MP: 16/16
 38824 | D:14     | Noticed Kirke
 38844 | D:14     | Killed Kirke
 41192 | D:15     | Found a staircase to the Depths.
 41661 | Orc:1    | Entered Level 1 of the Orcish Mines
 41792 | Orc:1    | Found Uwalonku's Weapon Shoppe.
 42063 | Orc:2    | Entered Level 2 of the Orcish Mines
 42068 | Orc:2    | Found Ydisudalelao's Weapon Boutique.
 42576 | Orc:2    | Found a staircase to the Elven Halls.
 42705 | Orc:2    | Noticed an orc warlord
 42758 | Orc:2    | Killed an orc warlord
 43544 | Orc:2    | Reached skill level 16 in Stealth
 43691 | Orc:2    | HP: 14/73 [orc knight (21)]
 44612 | Orc:2    | Found Woiri's Antique Armour Boutique.
 44613 | Orc:2    | Found Sezuac's Antique Weapon Shop.
 44615 | Orc:2    | Found Rood's General Store.
 44615 | Orc:2    | Found Plog's Jewellery Boutique.
 44630 | Orc:2    | Bought a potion of heal wounds for 75 gold pieces
 44725 | Orc:2    | magus.rc [v1.9.6]
 44768 | Orc:2    | Bought a ring of poison resistance for 240 gold pieces
 44978 | Spider:1 | Entered Level 1 of the Spider Nest
 45143 | Spider:1 | Reached skill level 17 in Unarmed Combat
 45160 | Spider:1 | HP: 13/73 [wolf spider (8)]
 45165 | Lair:2   | HP: 10/109 [poisoned by a wolf spider]
 45165 | Lair:2   | Mangled by a wolf spider
 45166 | Lair:2   | Reached XP level 14. HP: -9/103 MP: 15/15
 45180 | Lair:2   | HP: 11/69 [wolf spider (11)]
 45181 | Lair:2   | Slain by a wolf spider

Vanquished Creatures
  Rupert (D:12)
  Kirke (D:14)
  Agnes (D:14)
  An orc warlord (Orc:2)
  An entropy weaver (Gauntlet)
  Snorg (Lair:2)
  Harold (D:8)
  A boulder beetle (D:12)
  A rakshasa (D:14)
  An ogre mage (D:12)
  A catoblepas (Lair:6)
  20 hydras
  A death knight (D:12)
  4 centaur warriors
  A deep troll shaman (Lair:6)
  4 two-headed ogres
  Erica (Lair:2)
  A tengu warrior (D:15)
  6 death yaks (Lair:6)
  3 orc high priests (Orc:2)
  Sonja (Lair:5)
  3 skeletal warriors (D:12)
  3 wizards
  A deep elf pyromancer (D:13)
  2 necromancers
  5 orc knights
  A mana viper (shapeshifter) (D:12)
  An orb spider (Spider:1)
  3 wolf spiders
  4 manticores
  6 orc sorcerers
  13 ugly things
  5 cyclopes
  13 elephants
  4 centaur zombies
  Maurice (D:8)
  6 black mambas
  A gargoyle (D:13)
  2 unseen horrors
  13 cane toads
  A kobold demonologist (D:11)
  2 efreet
  5 rime drakes
  A minotaur zombie (Gauntlet)
  A freezing wraith (D:12)
  8 komodo dragons
  3 tengu conjurers
  A jumping spider (Spider:1)
  7 meliai
  11 trolls
  A merfolk (Lair:4)
  5 slime creatures
  3 hornets
  6 polar bears
  A raiju (shapeshifter) (D:13)
  A slime creature (shapeshifter) (D:13)
  16 blink frogs
  6 dream sheep (Lair:4)
  4 centaur simulacra (Gauntlet)
  2 shadows (D:12)
  2 tarantellas (Lair:2)
  A water elemental (D:15)
  2 wyverns
  2 large abominations (Gauntlet)
  3 wraiths
  2 hogs (D:14)
  A redback (Gauntlet)
  4 basilisks
  62 yaks
  A golden eye (shapeshifter) (D:15)
  Grum (Lair:1)
  Menkaure (D:5)
  13 vampire mosquitoes
  2 steam dragons (D:7)
  5 wargs
  17 water moccasins
  A hornet zombie (D:5)
  A necrophage (D:5)
  29 orc warriors
  6 sky beasts
  4 black bears
  2 ice beasts
  3 small abominations (Gauntlet)
  8 ogres
  19 wolves
  A tengu (shapeshifter) (D:13)
  5 centaurs
  Blork the orc (D:5)
  8 kobold brigands
  14 bullfrogs
  A gnoll sergeant (D:7)
  A scorpion (D:4)
  A water moccasin zombie (D:6)
  A hornet simulacrum (Gauntlet)
  A wyvern skeleton (D:6)
  15 killer bees
  2 water moccasin skeletons
  5 wights
  8 electric eels
  9 howler monkeys
  A vampire bat (D:5)
  A bullfrog zombie (D:5)
  6 hounds
  2 jellies
  A gnoll shaman (D:10)
  26 orc priests
  5 centaur skeletons
  Jessica (D:3)
  A scorpion zombie (D:5)
  2 bullfrog skeletons
  3 iguanas
  23 orc wizards
  14 hell rats
  A hound skeleton (D:4)
  A howler monkey zombie (D:7)
  15 gnolls
  A howler monkey skeleton (D:6)
  4 adders
  4 shadow imps
  6 white imps
  2 ufetubi (D:5)
  4 worms
  A dart slug (D:1)
  3 fire bats (D:5)
  83 orcs
  2 spectral bats (D:5)
  12 bats
  3 bat skeletons (D:5)
  A bat zombie (D:5)
  10 endoplasms
  3 giant cockroaches
  5 goblins
  5 hobgoblins
  3 quokkas
  5 ball pythons
  A bat simulacrum (D:5)
  4 frilled lizards
  28 kobolds
  5 rats
788 creatures vanquished.

Vanquished Creatures (collateral kills)
  A minotaur (Gauntlet)
  A deep troll earth mage (D:12)
  A wizard (Gauntlet)
  A deep elf pyromancer (D:15)
  A minotaur zombie (Gauntlet)
  2 shadow imps (Gauntlet)
  A white imp (Gauntlet)
8 creatures vanquished.

Vanquished Creatures (others)
  A gnoll (D:10)
  An orc (D:15)
  34 fungi
  78 plants
114 creatures vanquished.

Grand Total: 910 creatures vanquished

Table legend:
 A = Non-vault XP
 B = Vault XP
 C = Vault XP percentage of total XP
 D = Non-vault monster count
 E = Vault monster count
 F = Vault count percentage of total count
                 A         B        C        D         E       F
            +---------+---------+-------+---------+---------+-------
      Total |   97992 |   70836 |  42.0 |     552 |     244 |  30.7
            +---------+---------+-------+---------+---------+-------
        D:1 |      24 |       0 |   0.0 |      12 |       0 |   0.0
        D:2 |      23 |       0 |   0.0 |      12 |       0 |   0.0
        D:3 |     114 |      37 |  24.5 |      26 |       1 |   3.7
        D:4 |     544 |       0 |   0.0 |      25 |       0 |   0.0
        D:5 |    1601 |     451 |  22.0 |      29 |      22 |  43.1
        D:6 |    1436 |     676 |  32.0 |      27 |       7 |  20.6
        D:7 |    1568 |    2072 |  56.9 |      27 |      18 |  40.0
        D:8 |    1709 |    2309 |  57.5 |      24 |      11 |  31.4
        D:9 |    1928 |       0 |   0.0 |      34 |       0 |   0.0
       D:10 |    4307 |       0 |   0.0 |      19 |       0 |   0.0
       D:11 |    4999 |       0 |   0.0 |      22 |       0 |   0.0
       D:12 |    8129 |    8172 |  50.1 |      29 |      19 |  39.6
       D:13 |    4394 |    7407 |  62.8 |      17 |      17 |  50.0
       D:14 |    9042 |    4714 |  34.3 |      19 |       4 |  17.4
       D:15 |    8749 |    5065 |  36.7 |      23 |      10 |  30.3
     Lair:1 |    8123 |     301 |   3.6 |      37 |       2 |   5.1
     Lair:2 |    8695 |    4277 |  33.0 |      28 |       9 |  24.3
     Lair:3 |    1245 |     580 |  31.8 |       7 |       3 |  30.0
     Lair:4 |    8408 |     286 |   3.3 |      31 |       1 |   3.1
     Lair:5 |    9588 |    4709 |  32.9 |      39 |       7 |  15.2
     Lair:6 |    8972 |   12162 |  57.5 |      26 |      21 |  44.7
   Spider:1 |     867 |       0 |   0.0 |       2 |       0 |   0.0
      Orc:1 |     960 |       0 |   0.0 |      11 |       0 |   0.0
      Orc:2 |    2567 |   10761 |  80.7 |      26 |      64 |  71.1
   Gauntlet |       0 |    6857 | 100.0 |       0 |      28 | 100.0
            +---------+---------+-------+---------+---------+-------

Illustrated notes

Table legend:
 A = Kills in this place as a percentage of kills in entire the game.
 B = Kills by you in this place as a percentage of kills by you in the entire game.
 C = Kills by friends in this place as a percentage of kills by friends in the entire game.
 D = Other kills in this place as a percentage of other kills in the entire game.
 E = Experience gained in this place as a percentage of experience gained in the entire game.
 F = Experience gained in this place divided by the number of levels of this place that you have seen.
                   A       B       C       D       E      F
               +-------+-------+-------+-------+-------+----------------------
         Total | 100.0 | 100.0 | 100.0 |   N/A | 100.0 | 6753.1
       Dungeon |  57.0 |  57.4 |  25.0 |   N/A |  47.1 | 5298.0
          Lair |  26.5 |  26.8 |   0.0 |   N/A |  39.9 | 11224.3
   Spider Nest |   0.3 |   0.3 |   0.0 |   N/A |   0.5 | 867.0
  Orcish Mines |  12.7 |  12.8 |   0.0 |   N/A |   8.5 | 7144.0
      Gauntlet |   3.5 |   2.8 |  75.0 |   N/A |   4.1 | 6857.0
               +-------+-------+-------+-------+-------+----------------------

Table legend: (Time is in decaauts)
 A = Elapsed time spent in this place.
 B = Non-inter-level travel time spent in this place.
 C = Inter-level travel time spent in this place.
 D = Time resting spent in this place.
 E = Time spent auto-exploring this place.
 F = Levels seen in this place.
 G = Mean time per level.
                   A        B        C        D        E       F      G
               +--------+--------+--------+--------+--------+-----+--------+
         Total |  41960 |  40135 |   1825 |  22048 |  11326 |  25 | 1678.4 |
       Dungeon |  26976 |  25691 |   1285 |  14698 |   7093 |  15 | 1798.4 |
          Lair |  10714 |  10309 |    405 |   5163 |   3414 |   6 | 1785.7 |
   Spider Nest |     73 |     73 |      0 |      0 |     21 |   1 |   73.0 |
  Orcish Mines |   2863 |   2729 |    134 |   1332 |    658 |   2 | 1431.5 |
      Gauntlet |   1332 |   1332 |      0 |    853 |    138 |   1 | 1332.0 |
               +--------+--------+--------+--------+--------+-----+--------+

Top non-repeatable levels by time:
    D:12: 3470 daAuts
     D:6: 2704 daAuts
  Lair:5: 2679 daAuts
   Orc:2: 2503 daAuts
     D:5: 2457 daAuts
  Lair:2: 2206 daAuts
    D:13: 2081 daAuts
    D:14: 2015 daAuts
     D:7: 1978 daAuts
  Lair:6: 1969 daAuts
    D:10: 1957 daAuts
  Lair:1: 1733 daAuts
    D:15: 1587 daAuts
    D:11: 1544 daAuts
     D:8: 1444 daAuts
